Match 41101916
Unlisted

Match 41101916
End
Construct Section Command Post
Vickers Machine Gun Team
Selects Indian Artillery Battlegroup
Selects Indian Artillery Battlegroup
Dingo Light Scout Car
Infantry Section
Infantry Section
Selects War Cry
Infantry Section
Construct Platoon Command Post
Selects Gurkha Rifles Section
Humber Armored Car
Gurkha Rifles Section
6-pounder Anti-tank Gun Team
Construct Field Infirmary
Selects Volunteer Infantry
Gurkha Rifles Section
Infantry Training
Selects Artillery Saturation
Construct Company Command Post
Selects Off-map Airburst Barrage
Crusader II Medium Tank
Selects BL5.5 Artillery Emplacement
Off-map Airburst Barrage
Royal Engineer Section
6-pounder Anti-tank Gun Team
Crusader II Medium Tank
Off-map Airburst Barrage
Grenade Package
War Cry
Crusader II Medium Tank
Foot Guards Section
War Cry
Off-map Airburst Barrage
STALKER4732
SoyaLors
ezh
Devochkin
purehate
Lord Dung
Hosty
Komrad Dyatlov
0
0

Comments sign in to comment!

No comments posted yet!